 Dungeon Crawl Stone Soup version 0.30-a0-377-g5cb311bc9f (webtiles) character file.

Game seed: 15592753322309413258

1833 NinjaNoafa the Summoner (level 8, -6/34 HPs)
             Began as a Felid Summoner on Nov 28, 2022.
             Was an Initiate of Gozag.
             Shot with a bolt by an orc warrior (19 damage)
             ... on level 7 of the Dungeon.
             The game lasted 00:33:34 (9821 turns).

NinjaNoafa the Summoner (Felid Summoner)            Turns: 9821, Time: 00:33:34

Health: -6/34      AC:  2    Str: 10    XL:     8   Next: 86%
Magic:  18/30      EV: 19    Int: 21    God:    Gozag
Gold:   297        SH:  5    Dex: 16    Spells: 11/24 levels left
                                        Lives:  0   Deaths: 2

rFire   . . .      SeeInvis +    (weapon unavailable)
rCold   . . .      Faith    .    (shield unavailable)
rNeg    . . .      Spirit   .    (body armour unavailable)
rPois   .          Reflect  +    (helmet unavailable)
rElec   +          Harm     .    (cloak unavailable)
rCorr   .          Rampage  .    (gloves unavailable)
Will    +....                    (boots unavailable)
Stlth   ++........               n - amulet of reflection
HPRegen 0.25/turn                c - ring of magical power
MPRegen 0.22/turn                B - ring "Niaroy" {rElec Str+6}

@: studying Stealth, quick
A: very small, claws 1, fangs 3, see invisible, speed 1, shaggy fur 2, stealthy
paws, no weapons or thrown items, no armour, multi-lived
a: Renounce Religion, Potion Petition, Call Merchant, Bribe Branch


You were on level 7 of the Dungeon.
You worshipped Gozag.
Gozag was aware of your devotion.
You visited 2 branches of the dungeon, and saw 9 of its levels.

You collected 650 gold pieces.
You spent 226 gold pieces at shops.
You paid 127 gold pieces to Gozag.

Inventory:

Jewellery
 c - a ring of magical power (left paw)
 n - an amulet of reflection (around neck)
 B - the ring "Niaroy" (right paw) {rElec Str+6}
   (You found it on level 7 of the Dungeon)

   [ring of strength]

   Str:       It affects your strength (+6).
   rElec:     It insulates you from electricity.
Wands
 h - a wand of iceblast (3)
 i - a wand of light (13)
 u - a wand of polymorph (7)
Scrolls
 b - 4 scrolls of teleportation {unknown}
 d - 4 scrolls of vulnerability
 f - 3 scrolls of enchant weapon {unknown}
 g - 3 scrolls of immolation
 o - 5 scrolls of identify
 p - a scroll of torment {unknown}
 r - 2 scrolls of enchant armour {unknown}
 s - 4 scrolls of amnesia {unknown}
 t - 4 scrolls of poison {unknown}
 w - 2 scrolls of fog {unknown}
 x - a scroll of fear {unknown}
 y - 2 scrolls of blinking {unknown}
 C - a scroll of brand weapon {unknown}
Potions
 a - 2 potions of magic
 e - a potion of berserk rage
 j - 3 potions of lignification
 k - a potion of mutation {unknown}
 l - 2 potions of attraction {unknown}
 m - 3 potions of curing
 q - 4 potions of flight
 v - 2 potions of haste {unknown}
 z - 3 potions of might {unknown}
 A - a potion of resistance {unknown}


   Skills:
 + Level 2.9 Fighting
 + Level 4.9 Dodging
 - Level 2.6 Stealth
 + Level 8.9 Spellcasting
 - Level 5.0 Hexes
 - Level 10.0 Summonings
 + Level 1.2 Air Magic


You had 11 spell levels left.
You knew the following spells:

 Your Spells              Type           Power      Damage    Failure   Level
a - Summon Small Mammal   Summ           100%       N/A       1%          1
b - Call Imp              Summ           51%        N/A       1%          2
c - Call Canine Familiar  Summ           51%        N/A       1%          3
d - Summon Guardian Gole  Hex/Summ       40%        N/A       1%          3
e - Summon Lightning Spi  Summ/Air       33%        N/A       7%          4

Your spell library contained the following spells:

 Spells                   Type           Power      Damage    Failure   Level
 Apportation              Tloc           18%        N/A       8%          1
 Necrotise                Necr           36%        1d5       8%          1
 Ozocubu's Armour         Ice            9%         N/A       22%         3
 Ozocubu's Refrigeration  Ice            4%         4d8       100%        7


Dungeon Overview and Level Annotations

Branches:
Dungeon (8/15)             Temple (1/1) D:7
   Lair: D:8-11

Altars:
Ashenzari
Cheibriados
Dithmenos
Elyvilon
Gozag
Kikubaaqudgha
Makhleb
Nemelex Xobeh
Okawaru
Ru
Sif Muna
Trog
Uskayaw
Vehumet
Wu Jian
Xom
Yredelemnul

Shops:
D:3 *


Innate Abilities, Weirdness & Mutations

You have sharp claws.
You have razor-sharp teeth.
You have supernaturally acute eyesight. (SInv)
You cover ground quickly. (Speed+)
You are covered in thick fur. (AC +2)
Your paws help you pounce on unaware monsters.
You are incapable of wielding weapons or throwing items.
You cannot wear armour.
You gain extra lives every three experience levels.


Message History

The orc warrior unwields a +4 short sword.
The orc warrior wields a +0 arbalest.
The orc warrior shoots a bolt.
The bolt barely misses your wolf.
You reflect the bolt off an invisible shield around you!
The bolt hits your wolf!!
You kill your wolf!
Your wolf's corpse disappears in a puff of smoke!
The orc warrior shoots a bolt.
The bolt hits you!!
Ouch! That really hurt!
Casting: Call Canine Familiar (safe; 1% risk of failure)
Confirm with . or Enter, or press ? or * to list all spells.
The orc warrior shoots a bolt.
The bolt barely misses you. The bolt hits your wolf!
You swap places.
Casting: Call Canine Familiar (safe; 1% risk of failure)
Confirm with . or Enter, or press ? or * to list all spells.
A beastly little devil appears in a puff of flame.
The orc warrior shoots a bolt.
The bolt hits your wolf!!
Your wolf dies!
Your wolf's corpse disappears in a puff of smoke!
Casting: Call Imp (safe; 1% risk of failure)
Confirm with . or Enter, or press ? or * to list all spells.
A guardian golem appears, shielding your allies.
The orc warrior shoots a bolt.
The bolt closely misses your crimson imp.
The bolt closely misses you. The bolt hits your guardian golem!
The orc warrior shoots a bolt.
The bolt hits your crimson imp but does no damage.
You swap places.
Your crimson imp blinks!
Casting: Summon Guardian Golem (safe; 1% risk of failure)
Confirm with . or Enter, or press ? or * to list all spells.
The orc warrior shoots a bolt.
The bolt hits your guardian golem.
The orc warrior shoots a bolt.
The bolt hits your guardian golem!
The orc warrior shoots a bolt.
The bolt barely misses your guardian golem.
The bolt hits you!!
Ouch! That really hurt!
You die...
Your body crumbles into a pile of gold.

#.# #.# #.#####.†.
##.# #.# #.# #.#†
#..# #.# #.# #...
#.## #####.# #.#
#### #.# #.....#
#.# #.#
#.#######.# #.#
#5# #.....# #.#
#r# #.##### #.#
#@###.### #>#
#.#.....# #.#
#.#.....########
#.#
#.#......<.....#
#.#
#.#...<.######.#
#.# #9#.(..)#
#.### #[#
#o####### #....
#.# #.# #..## #.#
##.############..#


You could see an orc warrior (ally target), a friendly guardian golem
(summoned), a friendly crimson imp (summoned, sheltered) and a friendly quokka
(summoned, sheltered).

Vanquished Creatures
  A sky beast (D:8)
  A scorpion (D:4)
  An orc priest (D:5)
  A shadow imp (D:7)
  An orc (D:8)
  2 endoplasms
  A hobgoblin (D:4)
  3 ball pythons
  A bat (D:2)
  4 rats
16 creatures vanquished.

Vanquished Creatures (collateral kills)
  Menkaure (D:6)
  An acid dragon (D:6)
  A water moccasin (D:6)
  An orc warrior (D:8)
  A sky beast (D:6)
  3 black bears
  An ice beast (D:6)
  A centaur (D:7)
  3 ogres
  A phantom (D:6)
  2 bullfrogs
  A necrophage (D:7)
  3 scorpions
  5 hounds
  3 gnoll boudas
  An orc priest (D:6)
  3 iguanas
  4 orc wizards
  12 gnolls
  8 adders
  10 river rats (D:5)
  3 ufetubi
  5 worms
  19 orcs
  6 endoplasms
  7 giant cockroaches
  8 goblins
  7 hobgoblins
  3 jackals (D:3)
  5 kobolds
  10 quokkas
  10 ball pythons
  4 bats (D:3)
  A frilled lizard (D:3)
  13 rats
167 creatures vanquished.

Vanquished Creatures (others)
  Pikel (D:6)
  A wyvern (D:5)
  Eustachio (D:6)
  A steam dragon (D:6)
  A water moccasin (D:6)
  An ice beast (D:6)
  A black bear (D:5)
  A centaur (D:7)
  A lemure (D:6)
  An orc wizard (D:8)
  2 orcs (D:6)
  2 plants (D:7)
14 creatures vanquished.

Grand Total: 197 creatures vanquished

Notes
Turn   | Place    | Note
-------+----------+-------------------------------------------
     0 | D:1      | NinjaNoafa the Felid Summoner began the quest for the Orb.
     0 | D:1      | Reached XP level 1. HP: 7/7 MP: 4/4
   434 | D:1      | Reached XP level 2. HP: 11/11 MP: 1/6
  1379 | D:1      | Found a faded altar of an unknown god.
  1383 | D:1      | Learned a level 2 spell: Call Imp
  1509 | D:2      | Reached XP level 3. HP: 14/14 MP: 8/8
  1559 | D:2      | Identified the +5 sling "Xatiet" {speed, +Blink Dex+3}
  1690 | D:2      | Found an ancient bone altar of Kikubaaqudgha.
  2283 | D:3      | Found Boroym's Assorted Antiques.
  2350 | D:3      | Reached XP level 4. HP: 18/18 MP: 9/9
  2391 | D:3      | Learned a level 3 spell: Call Canine Familiar
  2476 | D:3      | Found a sparkling altar of Nemelex Xobeh.
  2564 | D:3      | Found a basalt altar of Yredelemnul.
  2569 | D:3      | Reached skill level 5 in Summonings
  2622 | D:3      | Found an ornate altar of the Wu Jian Council.
  2800 | D:3      | Found a sacrificial altar of Ru.
  3710 | D:4      | Learned a level 3 spell: Summon Guardian Golem
  3867 | D:4      | Noticed a scorpion
  3903 | D:4      | Killed a scorpion
  3904 | D:4      | Reached XP level 5. HP: 6/21 MP: 4/11
  4246 | D:4      | Noticed a black bear
  4267 | D:4      | Killed a black bear
  4268 | D:4      | Reached skill level 1 in Hexes
  4268 | D:4      | Gained mutation: You are covered in thick fur. (AC +2)
                  | [Felid growth]
  4268 | D:4      | Reached XP level 6. HP: 24/24 MP: 13/13
  4508 | D:4      | Found a broken altar of Ashenzari.
  5131 | D:5      | Entered Level 5 of the Dungeon
  5145 | D:4      | Reached skill level 6 in Summonings
  5343 | D:5      | Reached XP level 7. HP: 5/27 MP: 13/15
  5554 | D:5      | Reached skill level 5 in Spellcasting
  5910 | D:5      | Reached skill level 5 in Hexes
  6108 | D:3      | Bought a scroll labelled PUSEAL YPEOKU for 29 gold pieces
  6108 | D:3      | Bought a scroll labelled REEZXECUELA for 29 gold pieces
  6108 | D:3      | Bought a scroll labelled PUSEAL YPEOKU for 29 gold pieces
  6108 | D:3      | Bought 2 pink potions for 52 gold pieces
  6108 | D:3      | Bought 3 scrolls labelled UBIXALIVVI for 87 gold pieces
  6236 | D:5      | Reached skill level 7 in Summonings
  6342 | D:5      | Noticed a wyvern
  6352 | D:5      | Reached XP level 8. HP: 31/31 MP: 15/17
  6882 | D:6      | Noticed Eustachio
  7045 | D:6      | Killed Eustachio
  7046 | D:6      | Reached skill level 8 in Summonings
  7167 | D:6      | Found a bloodstained altar of Trog.
  7171 | D:6      | Found a burning altar of Makhleb.
  7272 | D:6      | Found a radiant altar of Vehumet.
  7275 | D:6      | Identified the +9 dagger of Prudence {holy, rElec Dex+2}
  7448 | D:6      | Noticed Pikel
  7489 | D:6      | Killed from afar by a steam dragon
  7490 | D:6      | Reached XP level 7. HP: -3/28 MP: 24/27
  7537 | D:6      | Noticed Menkaure
  7546 | D:6      | Killed Menkaure
  7547 | D:6      | Reached XP level 8. HP: 11/31 MP: 20/20
  7810 | D:6      | Reached skill level 9 in Summonings
  7913 | D:6      | Reached skill level 1 in Fighting
  8077 | D:6      | Killed Pikel
  8133 | D:6      | Learned a level 4 spell: Summon Lightning Spire
  8325 | D:7      | Reached XP level 9. HP: 36/36 MP: 22/22
  8590 | D:7      | Found a staircase to the Ecumenical Temple.
  8625 | Temple   | Entered the Ecumenical Temple
  8631 | Temple   | Became a worshipper of Gozag Ym Sagoz the Greedy
  8648 | D:7      | Identified the ring "Niaroy" {rElec Str+6}
  8793 | D:7      | Shot with an arrow by a centaur
  8794 | D:7      | Reached XP level 8. HP: -2/33 MP: 28/30
  8870 | D:8      | Found an iron altar of Okawaru.
  8990 | D:8      | Reached skill level 10 in Summonings
  9511 | D:7      | Reached skill level 1 in Air Magic
  9821 | D:7      | Shot with a bolt by an orc warrior

Illustrated notes

Levels and vault maps discovered:
D:1:      nzn_arrival_settlement, layout_loops_corners,
          dilly_ecumenical_altar_fadedgnrine
D:2:      layout_rooms, serial_aquarium, aquarium_bridge_straight
          [aquarium_subvault_bridge, aquarium_subvault_window,
          aquarium_subvault_bridge, aquarium_subvault_wall],
          aquarium_window_corridor_3, aquarium_window_2, aquarium_window_fake,
          aquarium_window_1, aquarium_view_2e, aquarium_view_2c,
          aquarium_pool_2, basic_altar
D:3:      layout_loops_corners, nemelex_dance_club_becter,
          pdpol_wu_jian_five_deadly_venoms, nicolae_ru_sacrificial_ziggurat,
          mainiacjoe_overflow_alcove_2, serial_shops,
          nicolae_shop_hallway_stairs, minmay_vboxes
D:4:      layout_loops_ring, ashenzari_conservatory_becter,
          serial_co_window_serial, co_window_corner_a, co_window_paths_a,
          co_window_corner_a, co_window_corner_a, co_window_paths_a,
          co_window_unsneaky_path_d, co_window_corner_b,
          co_window_unsneaky_path_b, co_window_unsneaky_path_a,
          co_window_broadway_a, co_window_of_opportunity_b, glass_columns_c,
          glass_columns_a, glass_columns_a, glass_columns_c
D:5:      lemuel_ratsnest, layout_basic
D:6:      layout_basic, grunt_temple_overflow_open, item_on_display_a,
          uniq_eustachio, uniq_pikel, uniq_menkaure
D:7:      layout_loops_ring, minmay_temple_entry_overgrown, minmay_manual_mess
D:8:      layout_rooms, mainiacjoe_overflow_six_doors_small,
          gammafunk_ghost_stat_death, uniq_joseph
Temple:   hellmonk_temple_two_chambers

Skill      XL: |  1  2  3  4  5  6  7  8 |
---------------+-------------------------+-----
Spellcasting   | 3 4 5 8 |  8.9
Summonings     | 5 6 7 10 | 10.0
Hexes          | 1 3 5 |  5.0
Dodging        | 3 4 |  4.9
Fighting       | 2 |  2.9
Air Magic      | 1 |  1.2
Stealth        | |  2.6

Action                   |  1- 3 |  4- 6 |  7- 9 || total
-------------------------+-------+-------+-------++-------
Melee: Unarmed           |     4 |    17 |    24 ||    45
       Bite              |       |     3 |     1 ||     4
       Punch             |       |       |     2 ||     2
 Cast: Summon Small Mamm |    69 |    70 |    77 ||   216
       Call Imp          |     6 |    22 |    32 ||    60
       Call Canine Famil |       |    21 |    48 ||    69
       Summon Guardian G |       |     1 |    35 ||    36
Evoke: Wand              |       |       |     1 ||     1
  Use: Potion            |       |     1 |     6 ||     7
       Scroll            |       |       |     2 ||     2
 Stab: Sleeping          |     1 |     2 |       ||     3
       Distracted        |       |       |     1 ||     1
Armor: Skin              |     1 |     4 |     5 ||    10
Dodge: Dodged            |    20 |    48 |    78 ||   146
Block: Other             |       |    14 |    20 ||    34
       Reflection        |       |       |     3 ||     3

Table legend: (Time is in decaauts)
 A = Elapsed time spent in this place.
 B = Non-inter-level travel time spent in this place.
 C = Inter-level travel time spent in this place.
 D = Time resting spent in this place.
 E = Time spent auto-exploring this place.
 F = Levels seen in this place.
 G = Mean time per level.
                   A        B        C        D        E       F      G
               +--------+--------+--------+--------+--------+-----+--------+
         Total |   8677 |   8320 |    357 |     48 |   5640 |   9 |  964.1 |
       Dungeon |   8666 |   8314 |    352 |     48 |   5640 |   8 | 1083.2 |
        Temple |     10 |      5 |      5 |      0 |      0 |   1 |   10.0 |
               +--------+--------+--------+--------+--------+-----+--------+

Top non-repeatable levels by time:
     D:6: 1481 daAuts
     D:4: 1404 daAuts
     D:3: 1274 daAuts
     D:1: 1231 daAuts
     D:5: 1202 daAuts
     D:7: 817 daAuts
     D:2: 739 daAuts
     D:8: 514 daAuts
  Temple: 10 daAuts
